 Dungeon Crawl Stone Soup version 0.30.0-29-ga12c61a403 (webtiles) character file.

Game seed: 10892519565619532989

51 MacCMillion the Caller (level 3, -3/19 HPs)
             Began as a Tengu Summoner on June 14, 2023.
             Killed from afar by Terence (22 damage)
             ... with a bolt of dispelling energy
             ... on level 2 of the Dungeon.
             The game lasted 00:02:48 (1265 turns).

MacCMillion the Caller (Tengu Summoner)             Turns: 1265, Time: 00:02:49

Health: -3/19      AC:  3    Str:  8    XL:     3   Next: 83%
Magic:  6/8        EV: 12    Int: 17    God:
Gold:   35         SH:  0    Dex: 14    Spells: 7/8 levels left

rFire   . . .        h - +1 short sword (venom)
rCold   . . .        (no shield)
rNeg    . . .        a - +0 robe
rPois   .            j - +1 hat
rElec   .            (no cloak)
rCorr   .            (no gloves)
SInv    .            (boots unavailable)
Will    .....        (no amulet)
Stlth   ++           (no ring)
HPRegen 0.23/turn    (no ring)
MPRegen 0.11/turn

%: no passive effects
@: no status effects
A: beak, talons 3
a: no special abilities


You were on level 2 of the Dungeon.
You visited 1 branch of the dungeon, and saw 2 of its levels.

You collected 35 gold pieces.

Inventory:

Hand Weapons
 f - a +0 dagger of draining
 h - a +1 short sword of venom (weapon)
Armour
 a - a +0 robe (worn)
 i - a +0 ring mail of fire resistance
 j - a +1 hat (worn)
Scrolls
 e - 2 scrolls of noise {unknown}
 g - a scroll of fear {unknown}
 l - a scroll of immolation {unknown}
Potions
 b - a potion of magic
 c - a potion of curing {unknown}
 d - a potion of mutation {unknown}
 k - a potion of heal wounds {unknown}


   Skills:
 - Level 2.1 Dodging
 - Level 2.0 Stealth
 - Level 3.0 Spellcasting
 + Level 5.7 Summonings


You had 7 spell levels left.
You knew the following spells:

 Your Spells              Type           Power      Damage    Failure   Level
a - Summon Small Mammal   Summ           88%        N/A       1%          1

Your spell library contained the following spells:

 Spells                   Type           Power      Damage    Failure   Level
 Call Imp                 Summ           44%        N/A       2%          2
 Call Canine Familiar     Summ           22%        N/A       4%          3
 Summon Guardian Golem    Hex/Summ       12%        N/A       16%         3
 Summon Lightning Spire   Summ/Air       12%        N/A       47%         4


Dungeon Overview and Level Annotations

Branches:
Dungeon (2/15)

Altars:

Annotations:
D:2 Terence


Innate Abilities, Weirdness & Mutations

You have a beak for a mouth.
You have claws for feet.


Message History

Your bat disappears in a puff of smoke!
Magic restored.
You swap places.
An endoplasm comes into view.
An endoplasm is nearby!
An endoplasm is nearby!
You swap places.
Your bat hits the endoplasm. x2; The endoplasm hits your bat.
Your bat hits the endoplasm but does no damage.
Your bat hits the endoplasm.
The endoplasm hits your bat but does no damage.
Your bat hits the endoplasm. The endoplasm misses your bat.
Your bat hits the endoplasm.
Your bat hits the endoplasm but does no damage.
The endoplasm barely misses your bat.
Your bat hits the endoplasm but does no damage.
The endoplasm misses your bat.
Your bat barely misses the endoplasm.
The endoplasm freezes your bat.
Your bat is frozen.
Your bat dies!
Your bat's corpse disappears in a puff of smoke!
The endoplasm freezes your quokka.
Your quokka is frozen.
An endoplasm is nearby!
An endoplasm is nearby!
Your quokka bites the endoplasm.
The endoplasm dies!
You swap places.
Your quokka disappears in a puff of smoke!
You see here a +0 club.
Terence the Incautious comes into view.
He is wielding a +0 falchion and carrying a wand of quicksilver (9).
Terence is nearby!
Terence is nearby!
Terence shouts!
Terence zaps a wand.
The bolt of dispelling energy hits your quokka!!
Your quokka dies!
Your quokka's corpse disappears in a puff of smoke!
The bolt of dispelling energy hits you!!
Ouch! That really hurt!
You die...

#########
........############
#######............#
############.# ###.#
#...# #####r#######
#....@.......
....###.####### .#
.ยง. .#.## .#..# #.
.## # @ #.


You could see Terence (ally target) and a friendly rat (summoned).

Vanquished Creatures
  2 ball pythons (D:1)
  A kobold (D:1)
  A quokka (D:1)
  A bat (D:1)
  2 rats (D:1)
7 creatures vanquished.

Vanquished Creatures (collateral kills)
  Jessica (D:2)
  4 endoplasms
  A giant cockroach (D:1)
  A goblin (D:1)
  2 hobgoblins (D:1)
  A quokka (D:1)
  2 ball pythons (D:1)
  2 bats (D:1)
  3 kobolds
  A rat (D:1)
18 creatures vanquished.

Grand Total: 25 creatures vanquished

Notes
Turn   | Place    | Note
-------+----------+-------------------------------------------
     0 | D:1      | MacCMillion the Tengu Summoner began the quest for the Orb.
     0 | D:1      | Reached XP level 1. HP: 10/10 MP: 4/4
   114 | D:1      | Found a faded altar of an unknown god.
   140 | D:1      | Reached skill level 5 in Summonings
   239 | D:1      | Reached XP level 2. HP: 11/14 MP: 3/6
   822 | D:1      | Reached XP level 3. HP: 14/18 MP: 7/7
  1023 | D:2      | Noticed Jessica
  1044 | D:2      | Killed Jessica
  1261 | D:2      | Noticed Terence
  1265 | D:2      | Killed from afar by Terence

Illustrated notes

Levels and vault maps discovered:
D:1:      saegor_arrival_simple_e, layout_loops_ring,
          shapermc_ecumenical_altar_venn
D:2:      layout_rooms, nicolae_concentric_dashed_squares_mild, uniq_jessica,
          uniq_terence

Skill      XL: |  1  2  3 |
---------------+----------+-----
Summonings     | 5 |  5.7
Spellcasting   | 3 |  3.0
Dodging        | |  2.1
Stealth        | |  2.0

Action                     || total
---------------------------++-------
  Melee: Unarmed           ||     6
         Kick              ||     5
         Short sword       ||     7
         Dagger            ||     1
   Cast: Summon Small Mamm ||    49
 Armour: Robe              ||     8
  Dodge: Dodged            ||    17
